 Dungeon Crawl Stone Soup version 0.27.1-34-g3ba077fa99 (webtiles) character file.

Game seed: 7166345012097539147

2399 styxcanada the Covert (level 9, -10/42 (44) HPs)
             Began as a Spriggan Brigand on Jan 9, 2022.
             Was an Initiate of Gozag.
             Splashed by Erica's acid (16 damage)
             ... on level 8 of the Dungeon.
             The game lasted 00:38:40 (9178 turns).

styxcanada the Covert (Spriggan Brigand)            Turns: 9178, Time: 00:38:41

HP:   -10/42 (44)   AC:  3    Str:  7    XL:     9   Next: 23%
MP:   17/17         EV: 21    Int: 12    God:    Gozag
Gold: 194           SH:  0    Dex: 26    Spells: 12/17 levels left

rFire    . . .     SeeInvis +   q - +2 dagger (venom)
rCold    . . .     Faith    .   (shield restricted)
rNeg     . . .     Spirit   .   z - +2 robe {Archmagi}
rPois    .         Reflect  .   (helmet restricted)
rElec    .         Harm     .   y - +2 cloak
rCorr    .         Rampage  .   (gloves unavailable)
Will     +....     Archmagi +   (boots unavailable)
Stlth    +++++.....             (no amulet)
HPRegen  0.14/turn              v - +6 ring of dexterity
MPRegen  0.15/turn              h - ring of flight

@: corroded, flying, lightly drained, very quick
A: very small, no large weapons, unfitting armour, see invisible, speed 3
a: Renounce Religion, Potion Petition, Call Merchant, Bribe Branch


You were on level 8 of the Dungeon.
You worshipped Gozag.
Gozag was aware of your devotion.
You visited 2 branches of the dungeon, and saw 9 of its levels.

You collected 685 gold pieces.
You spent 407 gold pieces at shops.
You paid 84 gold pieces to Gozag.

Inventory:

Hand Weapons
 a - a +3 dagger
 p - a +0 hunting sling
 q - a +2 dagger of venom (weapon)
Missiles
 d - 35 poisoned darts (quivered)
 e - 6 curare-tipped darts
 f - 324 stones
 g - 30 sling bullets
 t - 10 boomerangs
Armour
 y - a +2 cloak (worn)
 z - a +2 robe of the Archmagi (worn)
Jewellery
 h - a ring of flight (right hand)
 k - a ring of ice
 v - a +6 ring of dexterity (left hand)
 B - an amulet of the acrobat
 E - a +4 ring of evasion
 F - a ring of resist corrosion
 H - an amulet of magic regeneration
Wands
 b - a wand of flame (14)
 c - a wand of polymorph (11)
 j - a wand of iceblast (4)
 A - a wand of paralysis (14)
Scrolls
 x - 2 scrolls of teleportation
 G - a scroll of enchant armour {unknown}
 I - a scroll of blinking {unknown}
 J - a scroll of fog
Potions
 i - 2 potions of flight
 l - a potion of invisibility
 m - a potion of haste
 n - a potion of lignification
 o - 2 potions of heal wounds {unknown}
 r - a potion of magic {unknown}
 s - 2 potions of brilliance {unknown}
 u - 4 potions of mutation {unknown}
 w - a potion of degeneration {unknown}
 C - 2 potions of might {unknown}
 D - a potion of cancellation {unknown}


   Skills:
 + Level 3.2 Fighting
 + Level 4.2 Short Blades
 + Level 0.4(2.6) Slings
 + Level 3.4 Throwing
 * Level 4.9 Dodging
 * Level 11.1 Stealth
 * Level 4.9 Spellcasting
 * Level 1.4 Conjurations
 * Level 3.1 Air Magic
 * Level 3.7 Poison Magic
 * Level 4.7 Evocations


You had 12 spell levels left.
You knew the following spells:

 Your Spells              Type           Power      Damage    Failure   Level
a - Poisonous Vapours     Pois/Air       32%        N/A       8%          2
b - Magic Dart            Conj           36%        1d4       11%         1
c - Searing Ray           Conj           18%        3d3       17%         2

Your spell library contained the following spells:

 Spells                   Type           Power      Damage    Failure   Level
 Corpse Rot               Necr/Air       N/A        N/A       16%         2
 Animate Skeleton         Necr           8%         N/A       21%         1
 Pain                     Necr           16%        1d4       21%         1
 Ozocubu's Armour         Ice            4%         N/A       52%         3
 Vampiric Draining        Necr           2%         2d6       52%         3
 Fulminant Prism          Conj/Hex       3%         3d6       83%         4
 Freezing Cloud           Conj/Ice/Air   4%         6-21      96%         5
 Ozocubu's Refrigeration  Ice            2%         4d5       100%        7


Dungeon Overview and Level Annotations

Branches:
Dungeon (8/15)             Temple (1/1) D:5
   Lair: D:8-11

Altars:
Cheibriados
Dithmenos
Elyvilon
Fedhas
Gozag
Hepliaklqana
Kikubaaqudgha
Makhleb
Nemelex Xobeh
Qazlal
Ru
Trog
Uskayaw
Vehumet
Wu Jian
Zin
The Shining One

Shops:
D:6 [   D:7 *

Annotations:
D:8 Erica


Innate Abilities, Weirdness & Mutations

You are very small and have problems with some larger weapons.
You are too small for most types of armour.
You have supernaturally acute eyesight. (SInv)
You cover ground extremely quickly. (Speed+++)


Message History

There is an open door here.
There is a stone staircase leading down here.
You fly downwards.
There is a stone staircase leading up here.
Erica is nearby!
Erica shouts!
Erica casts a spell at you.
You easily resist.
You hit Erica.
Erica is poisoned.
Erica is lightly wounded.
Erica misses you.
You hit Erica.
Erica looks as sick as possible!
Erica is lightly wounded.
Erica hits you with a +0 scimitar of flaming.
Erica burns you.
You closely miss Erica.
Erica is lightly wounded.
Erica hits you with a +0 scimitar of flaming.
Erica burns you. Erica casts a spell at you. The bolt of poison misses you.
There is a stone staircase leading up here.
A wight comes into view. It is wielding a +0 dagger.
A wight comes into view. It is wielding a +0 halberd.
Aiming: Paralyse
Press: ? - help, Shift-Dir - straight line, f - wight
Aim: a wight, wielding a +0 dagger and wearing a +0 robe (chance to affect: 60%)
The wight resists with significant effort.
The wight hits you with a +0 dagger.
You feel drained.
You barely miss the wight. The wight hits you with a +0 dagger.
You feel drained. Erica barely misses you.
Erica gestures wildly while chanting.
Erica flickers and vanishes for a moment.
Erica zaps a wand.
The bolt of acid hits you!!
Ouch! That really hurt!
* * * LOW HITPOINT WARNING * * *
The acid corrodes you!
You are splashed with acid!
You die...
Your body crumbles into a pile of gold.

###############
#....@.........
#..@..z........
#..###..###..z.
#..# #### ...
#..# . #..#
#..# #..# #..#
#..#


You could see Erica (invisible, very poisoned) and a wight.

Vanquished Creatures
  A water moccasin (D:5)
  An orc warrior (D:7)
  An ice beast (D:7)
  A black bear (D:7)
  5 ogres
  3 centaurs
  A phantom (D:5)
  Blork the orc (D:6)
  A bullfrog (D:6)
  2 scorpions
  A wyvern zombie (D:7)
  2 water moccasin skeletons
  A jelly (D:4)
  4 orc priests
  6 hounds
  5 orc wizards (D:7)
  6 adders
  5 gnolls
  A howler monkey skeleton (D:7)
  A white imp (D:5)
  An adder skeleton (D:2)
  An adder zombie (D:5)
  4 dart slugs
  19 orcs
  6 endoplasms
  5 giant cockroaches
  8 hobgoblins
  5 jackals (D:4)
  9 kobolds
  7 quokkas
  11 ball pythons
  10 bats
  4 frilled lizards
  11 goblins
  4 rats
154 creatures vanquished.

Vanquished Creatures (others)
  Pikel (D:7)
  A fungus (D:1)
2 creatures vanquished.

Grand Total: 156 creatures vanquished

Notes
Turn   | Place    | Note
-------+----------+-------------------------------------------
     0 | D:1      | styxcanada the Spriggan Brigand began the quest for the
                  | Orb.
     0 | D:1      | Reached XP level 1. HP: 10/10 MP: 2/2
    49 | D:1      | Reached skill level 6 in Stealth
   481 | D:1      | Reached XP level 2. HP: 14/15 MP: 3/3
  1035 | D:1      | Reached XP level 3. HP: 18/18 MP: 4/4
  1100 | D:1      | Reached skill level 7 in Stealth
  1174 | D:1      | Found a faded altar of an unknown god.
  2040 | D:2      | Reached XP level 4. HP: 19/23 MP: 5/5
  2738 | D:3      | Reached skill level 1 in Evocations
  2902 | D:3      | Found a shadowy altar of Dithmenos.
  3203 | D:3      | Learned a level 2 spell: Poisonous Vapours
  3324 | D:4      | Reached skill level 8 in Stealth
  3324 | D:4      | Reached XP level 5. HP: 26/26 MP: 6/6
  3419 | D:4      | Noticed a centaur
  3432 | D:4      | Killed a centaur
  3707 | D:4      | Reached skill level 1 in Spellcasting
  3707 | D:4      | Reached XP level 6. HP: 10/30 MP: 8/8
  3720 | D:4      | Reached skill level 9 in Stealth
  3720 | D:4      | Reached skill level 1 in Poison Magic
  4608 | D:4      | Reached skill level 1 in Air Magic
  4608 | D:4      | Reached XP level 7. HP: 35/35 MP: 10/10
  5060 | D:5      | Entered Level 5 of the Dungeon
  5365 | D:5      | Found a hide-covered altar of Uskayaw.
  5645 | D:5      | Reached XP level 8. HP: 40/40 MP: 12/12
  5648 | D:5      | Reached skill level 10 in Stealth
  5716 | D:5      | Found a staircase to the Ecumenical Temple.
  5723 | Temple   | Entered the Ecumenical Temple
  5816 | Temple   | Became a worshipper of Gozag Ym Sagoz the Greedy
  6336 | D:6      | Found a snail-covered altar of Cheibriados.
  6447 | D:6      | Found a radiant altar of Vehumet.
  6459 | D:6      | HP: 2/40 [gnoll (11)]
  6612 | D:6      | Learned a level 1 spell: Magic Dart
  6738 | D:6      | Found Feonoat's Armour Shop.
  7189 | D:6      | Noticed Blork the orc
  7211 | D:6      | Killed Blork the orc
  7264 | D:6      | Learned a level 2 spell: Searing Ray
  7373 | D:7      | Found Konlusibb's Assorted Antiques.
  7392 | D:7      | Reached skill level 11 in Stealth
  7400 | D:7      | Noticed Pikel
  7490 | D:7      | Killed Pikel
  7592 | D:7      | Bought a glowing citrine amulet for 165 gold pieces
  7592 | D:7      | Bought 2 ruby potions for 59 gold pieces
  7592 | D:7      | Bought 2 metallic inky potions for 59 gold pieces
  7592 | D:7      | Bought a white potion for 29 gold pieces
  7592 | D:7      | Bought a fizzy emerald potion for 29 gold pieces
  7592 | D:7      | Bought a wand of paralysis (8) for 66 gold pieces
  7741 | D:7      | Reached skill level 1 in Conjurations
  7798 | D:7      | Reached XP level 9. HP: 44/44 MP: 8/15
  8900 | D:7      | Found a white marble altar of Elyvilon.
  8901 | D:7      | Found a bloodstained altar of Trog.
  8903 | D:7      | Found an ancient bone altar of Kikubaaqudgha.
  8905 | D:7      | Found a burning altar of Makhleb.
  9157 | D:8      | Noticed Erica
  9178 | D:8      | Splashed by Erica's acid

Illustrated notes

Levels and vault maps discovered:
D:1:      matt_arrival_grand_opening, layout_basic,
          dreamdust_ecumenical_altar_hidden_monk_grotto
D:2:      layout_rooms, grunt_ministairs_1, minmay_misc_feat_rugged,
          chequers_serial_rivers_micro_a, minmay_between
D:3:      layout_rooms, mainiacjoe_overflow_paths, grunt_ministairs_9,
          bh_walls_and_bars
D:4:      layout_basic, roderic_lattice_a
D:5:      layout_loops_ring, mainiacjoe_overflow_catwalk,
          minmay_temple_entry_offerings, cheibrodos_gnoll_hut
D:6:      layout_basic, mainiacjoe_overflow_small_starburst, lemuel_round_altar,
          serial_shops, kennysheep_mini, kennysheep_generic_room_15,
          uniq_blork_the_orc
D:7:      layout_loops_corners, minitemple, serial_shops, nicolae_shop_stone,
          lemuel_flamethrower_2, uniq_pikel
D:8:      layout_gridville, okawaru_metal_pillars_3, gammafunk_ghost_mausoleum,
          uniq_prince_ribbit1, uniq_erica
Temple:   oiseaux_autumnal_temple

Skill      XL: |  1  2  3  4  5  6  7  8  9 |
---------------+----------------------------+-----
Stealth        | 6 7 8 9 11 | 11.1
Dodging        | 2 3 4 |  4.9
Evocations     | 1 2 3 4 |  4.7
Fighting       | 2 3 |  3.2
Short Blades   | 3 4 |  4.2
Spellcasting   | 1 2 3 4 |  4.9
Poison Magic   | 1 2 3 |  3.7
Air Magic      | 1 2 3 |  3.1
Throwing       | 3 |  3.4
Conjurations   | 1 |  1.4
Slings         | |  0.4

Action                   |  1- 3 |  4- 6 |  7- 9 || total
-------------------------+-------+-------+-------++-------
Melee: Dagger            |   134 |   153 |   143 ||   430
 Fire: Hunting sling     |       |       |    13 ||    13
Throw: Dart              |     9 |     4 |    38 ||    51
 Cast: Poisonous Vapours |       |       |    29 ||    29
       Magic Dart        |       |       |    14 ||    14
Evoke: Wand              |       |       |     5 ||     5
  Use: Scroll            |       |    10 |     4 ||    14
       Potion            |       |       |     1 ||     1
 Stab: Sleeping          |    20 |    20 |    12 ||    52
       Distracted        |       |       |     1 ||     1
Armor: Robe              |    14 |    21 |    13 ||    48
Dodge: Dodged            |    87 |   109 |    95 ||   291
